Map: 锈化山巅-天梯版

Players

wanted

  • Race: Zerg Zerg

iGCoffeeMs (Coffee) - Winner!

  • Race: Terran Terran

Event: DreamHack SC2 Masters 2021 Winter

VOD

Have the link to the VOD?

Description

Time

  • Played on: Oct. 7, 2021, 7:54 a.m.
  • Length: 14:17

All games in this series

Show
View Real Time Build Order
Export as new Build Order

wanted Zerg 

Build Orders: Hatch First 

Get SALT Encoding   

  12  0:00  Drone  
  13  0:08  Drone  
  14  0:16  Overlord  
  14  0:22  Extractor  
  14  0:23  Drone  
  15  0:35  Drone  
  16  0:47  Hatchery  
  15  0:50  Drone  
  15  0:54  Drone  
  17  0:58  Drone  
  18  1:08  Extractor  
  17  1:13  Spawning Pool  
  17  1:17  Drone  
  17  1:20  Drone  
  18  1:27  Drone  
  19  1:37  Overlord  
  19  1:47  Drone  
  20  2:00  Queen x2  
  25  2:01  Zergling x4  
  26  2:15  Hatchery  
  26  2:18  Drone  
  26  2:22  Drone  
  27  2:28  Drone x2  
  29  2:33  Metabolic Boost  
  29  2:35  Drone  
  30  2:43  Queen  
  32  2:50  Overlord  
  32  2:54  Overlord  
  32  3:00  Drone x3  
  36  3:05  Drone  
  36  3:10  Queen  
  36  3:11  Drone  
  39  3:13  Drone  
  39  3:16  Drone  
  40  3:23  Drone x2  
  40  3:26  Drone  
  40  3:27  Drone  
  44  3:32  Queen  
  46  3:34  Drone x2  
  48  3:42  Overlord x2  
  48  3:43  Drone  
  48  3:48  Drone x3  
  52  3:56  Overlord  
  52  3:57  Queen  
  54  4:03  Drone x3  
  54  4:07  Drone x4  
  61  4:15  Queen  
  63  4:17  Queen  
  63  4:19  Drone x2  
  67  4:25  Drone x2  
  67  4:26  Drone  
  67  4:27  Overlord x2  
  70  4:32  Overlord  
  70  4:36  Zergling x6  
  73  4:39  Baneling Nest  
  73  4:40  Baneling Nest  
  73  4:41  Lair  
  72  4:45  Zergling x8  
  72  4:52  Spine Crawler  
  75  4:53  Zergling x6, Spine Crawler  
  75  4:57  Zergling x6  
  80  5:02  Queen  
  80  5:06  Overlord  
  82  5:11  Zergling x12  
  88  5:14  Queen  
  88  5:18  Extractor x2  
  87  5:25  Drone, Spore Crawler  
  87  5:26  Overlord  
  87  5:28  Spore Crawler  
  86  5:29  Zergling x14  
  86  5:34  Overlord  
  91  5:39  Overseer  
  91  5:42  Centrifugal Hooks  
  90  5:44  Drone  
  90  5:45  Evolution Chamber  
  90  5:48  Zergling x10, Evolution Chamber  
  94  5:50  Overseer  
  94  5:54  Overseer, Queen  
  96  6:01  Drone x4  
  100  6:05  Baneling x5  
  100  6:11  Zergling x6  
  99  6:18  Zergling x2  
  99  6:19  Zergling x6  
  99  6:23  Zerg Ground Armor Level 1  
  99  6:24  Zergling x12  
  109  6:36  Zergling x2, Zerg Melee Weapons Level 1  
  109  6:37  Zergling x8  
  114  6:43  Zergling x8  
  118  6:56  Drone x4  
  122  7:03  Baneling x6  
  122  7:05  Hatchery  
  122  7:06  Zergling x2  
  122  7:07  Overlord  
  122  7:08  Overlord x3  
  122  7:15  Baneling x7  
  122  7:16  Spore Crawler  
  122  7:21  Zergling x2  
  117  7:32  Baneling x4, Zergling x24  
  121  7:42  Overlord x2  
  121  7:43  Drone x3  
  124  7:45  Zergling x4  
  124  7:49  Baneling x6  
  124  7:50  Baneling  
  126  7:56  Zergling x14  
  132  8:02  Baneling x4  
  132  8:06  Queen x2  
  136  8:17  Zergling x2  
  136  8:18  Zergling x18  
  141  8:36  Hatchery, Burrow  
  141  8:40  Infestation Pit  
  135  8:43  Zergling x8  
  133  8:53  Drone x9  
  141  8:59  Hatchery  
  140  9:04  Extractor  
  140  9:06  Baneling x13  
  140  9:08  Drone x4  
  140  9:09  Drone  
  143  9:33  Zergling x22  
  149  9:41  Drone x6  
  145  9:48  Hive  
  145  9:50  Extractor, Zerg Ground Armor Level 2  
  145  9:51  Extractor  
  143  9:54  Drone x3  
  143  9:55  Overlord  
  144  10:07  Drone x7  
  144  10:09  Overseer  
  151  10:18  Spire  
  151  10:20  Zerg Melee Weapons Level 2  
  150  10:27  Hatchery  
  149  10:32  Drone x5  
  154  10:38  Extractor  
  154  10:39  Extractor  
  154  10:41  Overlord x2  
  154  10:42  Overlord  
  152  10:43  Drone x3  
  152  10:47  Spore Crawler  
  152  10:49  Spore Crawler  
  153  10:50  Drone x3  
  153  10:51  Drone  
  153  10:52  Drone  
  155  10:59  Overseer  
  155  11:02  Drone  
  155  11:03  Drone x3  
  154  11:06  Viper  
  156  11:16  Baneling x3, Viper  
  152  11:30  Drone x7  
  154  11:43  Greater Spire  
  154  11:44  Viper  
  154  11:45  Adrenal Glands  
  154  11:46  Zergling x14  
  154  11:47  Zergling x16  
  164  11:52  Extractor  
  164  11:53  Extractor  
  160  11:54  Hatchery  
  159  12:03  Overseer  
  159  12:04  Hatchery  
  158  12:12  Hatchery  
  157  12:17  Zergling x10  
  157  12:22  Spore Crawler  
  161  12:36  Zergling x24  
  173  12:41  Baneling x6  
  169  12:55  Drone x3  
  171  13:05  Pathogen Glands  
  151  13:10  Drone  
  151  13:11  Drone x5  
  156  13:18  Zergling x10  
  161  13:25  Zergling x16  
  169  13:46  Zergling x26  
  163  13:54  Zergling x12  
  134  13:57  Baneling x6  
Show
View Real Time Build Order
Export as new Build Order

iGCoffeeMs Terran - Winner!

Build Orders: Reaper Expand 

Get SALT Encoding   

  12  0:00  SCV  
  13  0:12  SCV  
  14  0:17  Supply Depot  
  14  0:24  SCV  
  15  0:38  SCV  
  15  0:40  Barracks  
  16  0:43  Refinery  
  16  0:50  SCV  
  17  1:02  SCV  
  18  1:15  SCV  
  19  1:27  Reaper, Orbital Command  
  20  1:39  Command Center  
  20  1:50  Barracks  
  20  1:53  SCV  
  21  2:00  Barracks Reactor  
  21  2:05  SCV  
  22  2:10  Supply Depot  
  22  2:14  Refinery  
  22  2:17  SCV  
  23  2:27  Factory  
  23  2:33  SCV  
  24  2:39  Barracks Tech Lab, Marine x2  
  26  2:45  SCV  
  27  2:52  Orbital Command  
  27  2:57  Stimpack  
  27  2:58  SCV  
  28  3:06  Marine x3  
  28  3:12  SCV  
  32  3:20  Starport  
  32  3:21  SCV  
  32  3:22  Factory Reactor  
  32  3:24  SCV  
  34  3:29  Marine x2  
  34  3:30  Marine  
  37  3:40  Supply Depot, SCV x2  
  38  3:41  Supply Depot  
  38  3:49  Marine x3  
  38  3:52  SCV x2  
  43  3:55  Refinery  
  43  4:04  Supply Depot, SCV x2  
  43  4:06  Medivac x2  
  49  4:11  Marine x3  
  49  4:13  Factory Tech Lab  
  49  4:16  SCV  
  54  4:17  SCV  
  54  4:20  Supply Depot  
  54  4:27  Engineering Bay  
  54  4:28  SCV  
  54  4:29  SCV  
  56  4:33  Marine x3  
  59  4:39  Combat Shield  
  59  4:41  Barracks  
  59  4:44  SCV  
  59  4:45  SCV  
  61  4:47  Starport Reactor  
  61  4:51  Siege Tank  
  64  4:55  Terran Infantry Weapons Level 1  
  64  4:57  Supply Depot  
  64  4:59  SCV x2  
  66  5:09  Marine  
  66  5:10  Marine x2  
  66  5:13  SCV  
  70  5:18  SCV  
  70  5:20  Supply Depot x2  
  71  5:21  Supply Depot  
  71  5:24  Siege Tank  
  70  5:37  Marine x2  
  70  5:38  Marine x3  
  70  5:39  Medivac  
  70  5:41  Medivac  
  79  5:54  Marine x2  
  79  5:56  Marine x3  
  84  6:03  Siege Tank, Command Center  
  87  6:12  Marine  
  87  6:16  Marine x4  
  90  6:19  Medivac x2  
  94  6:30  Marine  
  94  6:32  SCV x2  
  97  6:34  Marine x4  
  101  6:41  Supply Depot  
  101  6:42  Supply Depot  
  101  6:46  Supply Depot  
  101  6:48  Marine  
  101  6:54  Refinery  
  102  6:55  Supply Depot  
  102  7:03  Siege Tank, Marine  
  106  7:11  Marine x4  
  110  7:15  Barracks  
  110  7:16  Terran Infantry Armor Level 1, Barracks  
  110  7:21  Marine  
  111  7:28  Marine  
  111  7:29  Marine x2  
  114  7:35  Siege Tank  
  114  7:36  Marine  
  106  7:37  Medivac  
  106  7:38  Marine  
  106  7:39  Medivac, SCV x2  
  106  7:41  Orbital Command  
  113  7:46  Marine  
  113  7:49  Marine x2  
  116  7:54  Marine  
  116  7:55  Engineering Bay  
  116  7:57  Armory  
  118  7:58  SCV  
  118  8:07  Barracks Reactor x2, Siege Tank  
  121  8:18  Marine x2  
  121  8:19  Marine x3  
  126  8:20  Medivac  
  127  8:29  SCV x2  
  127  8:30  Orbital Command  
  129  8:36  Marine x3  
  127  8:41  SCV x2  
  125  8:55  Marine x2  
  127  9:04  SCV x2  
  127  9:06  Terran Infantry Weapons Level 2  
  127  9:08  Siege Tank  
  132  9:14  Marine x4  
  136  9:18  Marine x2  
  136  9:19  Liberator x2  
  136  9:21  Bunker  
  136  9:22  Supply Depot  
  144  9:26  Marine  
  144  9:27  Supply Depot  
  144  9:31  Supply Depot  
  143  9:33  Supply Depot  
  135  9:47  Marine x3  
  135  9:48  Siege Tank  
  135  9:49  Terran Infantry Armor Level 2  
  141  9:54  Sensor Tower  
  125  10:12  Marine x3  
  125  10:13  Marine x6  
  132  10:17  Barracks  
  132  10:18  Barracks  
  132  10:20  Barracks  
  132  10:30  Marine x5  
  132  10:32  Supply Depot  
  132  10:34  Supply Depot  
  137  10:38  Marine x4  
  141  10:48  Siege Tank, Marine x4  
  148  11:02  Command Center, Marine  
  149  11:05  Marine x2  
  149  11:06  Marauder, Medivac x2  
  149  11:08  Marine x2  
  156  11:13  Refinery  
  156  11:14  Supply Depot  
  156  11:15  Supply Depot  
  156  11:16  Barracks Tech Lab x3  
  152  11:27  Marauder  
  152  11:29  Siege Tank  
  144  11:48  Marauder x4, Marine x3  
  144  11:49  Marine  
  145  11:55  Concussive Shells  
  145  11:56  SCV x2  
  147  12:08  Marine x4  
  147  12:09  Marauder x2, Marine  
  147  12:10  Marauder x2  
  160  12:18  Marine x2  
  160  12:20  SCV x2  
  164  12:31  Marauder x3  
  164  12:32  Marine  
  171  12:42  Planetary Fortress  
  169  12:49  Missile Turret, Marine  
  169  12:50  Marine x7  
  161  13:10  Marauder x2, Siege Tank  
  161  13:12  SCV x3  
  171  13:17  Sensor Tower  
  171  13:21  Marine x2  
  171  13:24  SCV  
  174  13:27  Marauder, Marine x3  
  174  13:33  Marauder, Marine x5  
  186  13:39  Marine x2  
  188  13:44  Marine  
  188  13:45  Marine x2  
  180  13:48  Marauder  
  180  13:50  Marine  
  180  13:51  Marine x2  
  180  13:55  Marauder  
  179  13:57  Marine x2  

Tags
 
Add a new tag
Caveats
  • Supply blocks, unpowered buildings, or Contaminate may cause inaccurate times.
  • Supply counts are checked every 10 seconds.